Map: Taito Citadel LE

Players

HoldTheDoor

  • Race: Protoss Protoss
  • League: Diamond
  • Spawn Location: 5:00

pamplemousse - Winner!

  • Race: Protoss Protoss
  • League: Diamond
  • Spawn Location: 11:00

VOD

Have the link to the VOD?

Description

Time

  • Played on: May 22, 2026, 12:44 p.m.
  • Length: 18:09
Show
View Real Time Build Order
Export as new Build Order

HoldTheDoor Protoss 

Build Orders:  

Get SALT Encoding   

  12  0:00  Probe  
  13  0:13  Probe  
  14  0:18  Pylon  
  14  0:24  Probe  
  15  0:32  Probe  
  15  0:40  Gateway  
  15  0:41  Probe  
  17  0:50  Assimilator  
  17  0:52  Probe  
  19  1:04  Probe  
  19  1:16  Probe  
  20  1:20  Assimilator, Gateway  
  20  1:25  Pylon  
  20  1:28  Probe  
  21  1:34  Cybernetics Core  
  21  1:46  Pylon  
  21  1:54  Probe  
  22  2:03  Warp Gate  
  22  2:06  Probe  
  23  2:09  Stalker x2  
  27  2:20  Probe  
  28  2:24  Pylon  
  28  2:32  Probe  
  29  2:46  Robotics Facility  
  29  2:48  Gateway  
  29  2:55  Stalker  
  29  2:56  Sentry  
  33  3:08  Shield Battery  
  33  3:12  Pylon  
  33  3:23  Warp Prism  
  33  3:28  Pylon  
  35  3:44  Gateway  
  35  3:52  Stalker  
  37  3:59  Stalker  
  39  4:04  Immortal  
  43  4:22  Stalker  
  45  4:25  Sentry  
  47  4:34  Stalker  
  49  4:50  Adept x2  
  49  4:51  Adept  
  41  5:23  Immortal  
  37  5:30  Stalker x4  
  49  5:50  Shield Battery  
  49  5:53  Adept x2  
  53  5:57  Sentry  
  53  6:01  Zealot  
  51  6:37  Stalker x2  
  51  6:38  Stalker x2  
  55  7:18  Stalker x2  
  55  7:19  Stalker x2  
  61  7:38  Pylon  
  61  7:43  Pylon, Sentry  
  63  7:47  Immortal  
  67  8:05  Pylon  
  67  8:08  Shield Battery  
  67  8:09  Shield Battery  
  67  8:13  Adept x2  
  71  8:29  Adept x2  
  73  9:31  Immortal  
  65  9:38  Adept x3  
  59  9:39  Adept  
  69  9:52  Probe  
  70  10:00  Stalker  
  72  10:10  Pylon  
  72  10:24  Sentry x2  
  72  10:26  Sentry  
  78  10:42  Immortal  
  76  11:42  Stalker x4  
  76  11:46  Stargate  
  82  12:06  Twilight Council  
  76  12:23  Stalker  
  76  12:24  Stalker  
  76  12:25  Observer  
  81  12:35  Blink  
  77  13:06  Stalker x2  
  79  13:23  Stalker x2  
  77  13:47  Stalker  
  77  13:48  Stalker  
  79  14:03  Shield Battery  
  73  14:19  Stalker  
  75  14:45  Stalker  
  77  15:03  Stalker  
  69  15:47  Stalker  
  65  16:02  Stalker  
  43  16:55  Stalker x2  
  35  17:25  Stalker  
  35  17:48  Stalker  
Show
View Real Time Build Order
Export as new Build Order

pamplemousse Protoss - Winner!

Build Orders: Nexus First 

Get SALT Encoding   

  12  0:03  Probe  
  13  0:17  Probe  
  14  0:29  Probe  
  14  0:31  Pylon  
  15  0:38  Pylon  
  15  0:54  Nexus  
  15  1:06  Gateway  
  15  1:09  Probe  
  15  1:16  Assimilator  
  15  1:17  Probe  
  17  1:27  Probe  
  18  1:39  Probe  
  19  1:41  Gateway  
  19  1:51  Probe  
  20  2:07  Cybernetics Core, Forge  
  20  2:12  Assimilator  
  20  2:13  Pylon  
  20  2:14  Probe  
  21  2:26  Probe  
  21  2:27  Probe  
  22  2:34  Probe  
  23  2:39  Probe  
  24  2:44  Probe  
  24  2:45  Stalker, Pylon  
  24  2:49  Stalker  
  29  3:04  Photon Cannon  
  29  3:08  Shield Battery  
  29  3:14  Stalker  
  29  3:19  Stalker  
  31  3:25  Probe  
  34  3:28  Probe  
  35  3:37  Probe  
  35  3:39  Pylon  
  35  3:40  Probe  
  37  3:41  Warp Gate  
  37  3:46  Shield Battery  
  37  3:49  Probe  
  38  3:58  Stalker  
  38  4:01  Sentry  
  42  4:05  Probe x2  
  44  4:10  Protoss Shields Level 1  
  44  4:14  Robotics Facility  
  44  4:28  Shield Battery  
  44  4:36  Stalker x2  
  44  4:44  Photon Cannon  
  44  4:45  Probe x2  
  50  4:53  Probe  
  50  4:54  Probe  
  52  5:01  Probe  
  52  5:02  Probe  
  52  5:12  Probe  
  52  5:13  Probe  
  43  5:30  Stalker x2  
  47  5:43  Photon Cannon  
  45  6:01  Stalker  
  47  6:08  Stalker  
  41  6:28  Stalker  
  37  6:43  Probe  
  38  6:51  Probe  
  38  6:52  Stalker x2  
  36  6:55  Probe  
  36  7:01  Probe  
  31  7:11  Immortal  
  28  7:16  Stalker  
  28  7:17  Stalker  
  35  7:38  Pylon  
  35  7:39  Shield Battery  
  35  7:47  Shield Battery  
  35  7:50  Pylon  
  35  7:56  Probe  
  35  7:57  Sentry  
  38  8:27  Stargate  
  38  8:30  Stalker x2  
  42  9:09  Gateway  
  38  9:40  Stalker  
  38  9:43  Fleet Beacon  
  38  9:48  Pylon  
  38  9:49  Pylon  
  38  9:51  Gateway  
  38  9:52  Protoss Ground Weapons Level 1  
  38  9:56  Immortal  
  42  10:08  Shield Battery, Pylon  
  42  10:38  Protoss Air Weapons Level 1  
  42  10:49  Tempest  
  46  11:10  Twilight Council  
  46  11:16  Zealot x3  
  52  11:22  Tempest  
  48  12:21  Stalker x3  
  46  12:39  Protoss Air Armor Level 1  
  46  12:47  Zealot x3  
  52  13:22  Zealot x3  
  48  13:50  Observer  
  49  13:56  Tempest  
  53  14:08  Observer  
  54  14:46  Zealot x3  
  60  14:55  Probe  
  61  15:08  Probe  
  58  15:20  Probe  
  59  15:32  Probe  
  58  15:44  Probe  
  37  16:22  Nexus  
  37  16:23  Pylon  
  37  16:39  Stalker x3  
Tags
 
Matchup
PvP
Replay Pack
SC2Mai2026
Spawn Locations
Cross Positions
Add a new tag
Caveats
  • Supply blocks, unpowered buildings, or Contaminate may cause inaccurate times.
  • Supply counts are checked every 10 seconds.